 Dungeon Crawl Stone Soup version 0.22-a0-460-g49b1da7 (webtiles) character file.

91 GameOver the Conjurer (level 4, -3/36 HPs)
             Began as a Naga Wizard on June 9, 2018.
             Slain by an orc warrior
             ... wielding a +0 trident
              (23 damage)
             ... on level 3 of the Dungeon.
             The game lasted 00:06:40 (1731 turns).

GameOver the Conjurer (Naga Wizard)                 Turns: 1731, Time: 00:06:40

Health: -3/36      AC:  3    Str: 10    XL:     4   Next: 57%
Magic:  9/17       EV: 10    Int: 19    God:
Gold:   113        SH:  0    Dex:  9    Spells: 3/9 levels left

rFire    . . .     SeeInvis +   p - +2 dagger (flame)
rCold    . . .     Gourm    .   (no shield)
rNeg     . . .     Faith    .   a - +0 robe
rPois    +         Spirit   .   b - +0 hat
rElec    .         Reflect  .   q - +0 cloak
rCorr    .         Harm     .   (no gloves)
MR       .....                  (no barding)
Stlth    ++........             f - amulet of the acrobat
HPRegen  0.12/turn              v - ring of magical power
MPRegen  0.15/turn              (no ring)

@: very slightly contaminated, very slow
A: large, see invisible, deformed body, poison resistance, slowness 2, slow
metabolism 1, spit poison 1, AC +1
a: Spit Poison


You were on level 3 of the Dungeon.
You were hungry.

You visited 1 branch of the dungeon, and saw 3 of its levels.

You collected 113 gold pieces.

Inventory:

Hand Weapons
 h - a +4 short sword of venom
 p - a +2 dagger of flaming (weapon)
Missiles
 g - 20 sling bullets
Armour
 a - a +0 robe (worn)
 b - a +0 hat (worn)
 q - a +0 cloak (worn)
 y - a +0 leather armour
Magical Staves
 s - an uncursed staff of air {unknown}
Jewellery
 f - an amulet of the acrobat (around neck)
 v - a ring of magical power (left hand)
Scrolls
 c - a scroll of blinking {unknown}
 j - 2 scrolls of remove curse {unknown}
 l - 2 scrolls of random uselessness {unknown}
 m - 3 scrolls of identify {unknown}
 n - 2 scrolls of teleportation {unknown}
 w - 2 scrolls of enchant weapon {unknown}
 x - a scroll of fog {unknown}
Potions
 e - 2 potions of flight {unknown}
 i - a potion of heal wounds {unknown}
 k - 2 potions of invisibility {unknown}
 o - a potion of ambrosia {unknown}
 r - a potion of curing {unknown}
 t - 2 potions of haste {unknown}
 u - a potion of magic {unknown}
Comestibles
 d - 5 rations
 z - 2 chunks of flesh


   Skills:
 - Level 1.5 Dodging
 - Level 3.0 Stealth
 - Level 3.0 Spellcasting
 + Level 4.2 Conjurations
   Level 1.0 Summonings
 - Level 1.0 Translocations


You had 3 spell levels left.
You knew the following spells:

 Your Spells              Type           Power        Failure   Level  Hunger
a - Magic Dart            Conj           ###.         2%          1    None
b - Blink                 Tloc           N/A          16%         2    ##.....
d - Mephitic Cloud        Conj/Pois/Air  #.......     26%         3    ###....

Your spell library contained the following spells:

 Spells                   Type           Power        Failure   Level  Hunger
 Conjure Flame            Conj/Fire      ##......     19%         3    ###....
 Slow                     Hex            #.......     22%         2    ##.....
 Call Imp                 Summ           #.......     16%         2    ##.....


Dungeon Overview and Level Annotations

Branches:
Dungeon (3/15)

Altars:


Innate Abilities, Weirdness & Mutations

You cannot wear boots.
Your serpentine skin is tough. (AC +1)
You have supernaturally acute eyesight. (SInv)
Armour fits poorly on your strangely shaped body.
Your system is resistant to poisons. (rPois)
You cover ground very slowly.
You have a slow metabolism.
You can spit poison.


Message History

Unknown command.
You catch the helpless orc warrior completely off-guard!
You hit the orc warrior. You burn the orc warrior.
The orc warrior is moderately wounded.
You have got your breath back.
The orc warrior hits you but does no damage.
The orc is engulfed in noxious fumes.
The orc appears confused.
You hit the orc warrior but do no damage.
The orc warrior is moderately wounded.
The orc warrior hits the orc with a trident!!
The orc is killed!
You hit the orc warrior but do no damage.
The orc warrior is moderately wounded.
You are feeling hungry.
Unknown command.
You hit the orc warrior. You burn the orc warrior.
The orc warrior is heavily wounded.
The orc warrior hits you with a trident!!
Ouch! That really hurt!
You die...

#.# ##### #.# #.#
#.# ###### . #.#
#....# oo #.#
#.<..# #.###
#.###....####......
#.....)...)....o#
#####)@..####.##...
#o...# .. #....# ##
#....# ######


You could see an orc warrior (confused).

Vanquished Creatures
  2 adders (D:2)
  An ooze (D:1)
  2 worms
  4 dart slugs
  A leopard gecko (D:2)
  2 orcs (D:3)
  7 bats
  4 giant cockroaches
  8 goblins
  7 hobgoblins
  2 ball pythons (D:3)
  2 frilled lizards
  6 kobolds
  6 rats
54 creatures vanquished.

Notes
Turn   | Place    | Note
-------+----------+-------------------------------------------
     0 | D:1      | GameOver the Naga Wizard began the quest for the Orb.
     0 | D:1      | Reached XP level 1. HP: 15/15 MP: 4/4
    88 | D:1      | Reached skill level 2 in Conjurations
    88 | D:1      | Reached XP level 2. HP: 22/22 MP: 1/6
   636 | D:2      | Reached XP level 3. HP: 28/28 MP: 4/7
   640 | D:2      | Learned a level 2 spell: Blink
   644 | D:2      | Learned a level 3 spell: Mephitic Cloud
   658 | D:2      | Reached skill level 3 in Conjurations
  1007 | D:2      | Reached XP level 4. HP: 36/36 MP: 8/8
  1135 | D:2      | Reached skill level 4 in Conjurations
  1710 | D:3      | Noticed an orc warrior
  1731 | D:3      | Slain by an orc warrior

Vault maps used:
D:1:      sevenhm_arrival_forest_fort_small_4
D:2:      first_ration

Skill      XL: |  1  2  3  4 |
---------------+-------------+-----
Conjurations   | 2 3 4 |  4.2
Dodging        | |  1.5
Stealth        | |  3.0
Spellcasting   | |  3.0
Summonings     | |  1.0
Translocations | |  1.0

Action                   |  1- 3 |  4- 6 || total
-------------------------+-------+-------++-------
Melee: Dagger            |     2 |    17 ||    19
 Cast: Magic Dart        |    44 |    15 ||    59
       Mephitic Cloud    |       |     2 ||     2
 Abil: Spit Poison       |    27 |    14 ||    41
 Stab: Confused          |       |     1 ||     1
       Sleeping          |       |     1 ||     1
  Eat: Chunk             |     1 |     3 ||     4
Armor: Robe              |     1 |     8 ||     9
Dodge: Dodged            |     8 |     8 ||    16

Table legend:
 A = Spawn XP
 B = Non-spawn XP
 C = Spawn XP percentage of total XP
 D = Spawn monster count
 E = Non-spawn monster count
 F = Spawn count percentage of total count
 G = Total turns spent on level
                    A         B        C        D         E        F      G
               +---------+---------+-------+---------+---------+-------+---------
         Total |       0 |     130 |   0.0 |       0 |      54 |   0.0 |  1731
               +---------+---------+-------+---------+---------+-------+---------
           D:1 |       0 |      32 |   0.0 |       0 |      17 |   0.0 |   588
           D:2 |       0 |      72 |   0.0 |       0 |      24 |   0.0 |   836
           D:3 |       0 |      26 |   0.0 |       0 |      13 |   0.0 |   307
               +---------+---------+-------+---------+---------+-------+---------
